 Dungeon Crawl Stone Soup version 0.26-a0-966-gd078a86f14 (webtiles) character file.

Game seed: 1405711318655460851

2931 marklar909 the Ruffian (level 9, -9/84 HPs)
             Began as a Troll Warper on Dec 4, 2020.
             Was a Believer of the Shining One.
             Mangled by a manticore (10 damage)
             ... on level 8 of the Dungeon.
             The game lasted 00:10:46 (6334 turns).

marklar909 the Ruffian (Troll Warper)               Turns: 6334, Time: 00:10:47

Health: -9/84      AC:  8    Str: 22    XL:     9   Next: 50%
Magic:  10/10      EV: 12    Int:  9    God:    the Shining One [**....]
Gold:   449        SH:  0    Dex: 11    Spells: 3/11 levels left

rFire    . . .     SeeInvis .     - Unarmed
rCold    . . .     Faith    .   (no shield)
rNeg     + . .     Spirit   .   a - +0 robe
rPois    +         Reflect  .   h - +2 hat
rElec    .         Harm     .   (no cloak)
rCorr    .         Rampage  .   (gloves unavailable)
MR       .....                  (boots unavailable)
Stlth    +.........             (no amulet)
HPRegen  0.64/turn              t - ring of wizardry
MPRegen  0.12/turn              k - ring of poison resistance

@: about to teleport, barbed spikes, glowing
A: large, unfitting armour, claws 3, regeneration 1, shaggy fur 1, tough skin 3
a: Divine Shield, Renounce Religion


You were on level 8 of the Dungeon.
You worshipped the Shining One.
The Shining One was pleased with you.
You visited 2 branches of the dungeon, and saw 9 of its levels.

You collected 490 gold pieces.
You donated 41 gold pieces to Zin.

Inventory:

Missiles
 w - 3 boomerangs (quivered)
Armour
 a - a +0 robe (worn)
 h - a +2 hat (worn)
Jewellery
 k - a ring of poison resistance (right claw)
 t - a ring of wizardry (left claw)
 y - an uncursed ring of stealth
 A - an uncursed ring of magical power {unknown}
 B - a +6 ring of dexterity {unknown}
Scrolls
 b - 4 scrolls of identify
 c - 2 scrolls of blinking
 d - 2 scrolls of amnesia
 f - a scroll of random uselessness {unknown}
 i - a scroll of enchant weapon
 l - 3 scrolls of remove curse
 m - a scroll of fog
 n - a scroll of fear {unknown}
 o - 2 scrolls of teleportation
 p - a scroll of immolation
 u - a scroll of enchant armour
 v - a scroll of vulnerability {unknown}
Potions
 e - 5 potions of curing
 g - 4 potions of attraction
 j - a potion of resistance
 q - 2 potions of ambrosia
 r - 3 potions of mutation
 s - a potion of magic {unknown}
 x - a potion of flight {unknown}
 z - a potion of might {unknown}
 C - a potion of heal wounds {unknown}


   Skills:
 * Level 4.2 Fighting
 + Level 1.3 Throwing
 * Level 5.8 Dodging
 + Level 1.7 Stealth
 + Level 7.5 Unarmed Combat
 + Level 1.5 Spellcasting
 + Level 4.1 Translocations
 * Level 1.0 Transmutations
 * Level 1.3 Earth Magic
 + Level 2.8 Invocations


You had 3 spell levels left.
You knew the following spells:

 Your Spells              Type           Power        Failure   Level
a - Blink                 Tloc           N/A          4%          2
b - Statue Form           Tmut/Erth      #........    100%        6

Your spell library contained the following spells:

 Spells                   Type           Power        Failure   Level
 Gell's Gravitas          Tloc           #.........   8%          3
 Lesser Beckoning         Tloc           #.........   8%          3
 Teleport Other           Tloc           #.......     8%          3
 Magic Dart               Conj           #...         14%         1
 Searing Ray              Conj           #.....       21%         2
 Dazzling Flash           Conj/Hex       #.....       38%         3
 Passage of Golubria      Tloc           N/A          26%         4
 Iskenderun's Mystic Bla  Conj/Tloc      #.......     50%         4
 Leda's Liquefaction      Hex/Erth       #.........   69%         4
 Fulminant Prism          Conj/Hex       #.........   77%         4
 Bolt of Magma            Conj/Fire/Erth #.........   95%         5
 Iron Shot                Conj/Erth      #.........   100%        6
 Shatter                  Erth           #.........   100%        9


Dungeon Overview and Level Annotations

Branches:
Dungeon (8/15)             Temple (1/1) D:5
   Lair: D:8-11

Altars:
Ashenzari
Cheibriados
Dithmenos
Elyvilon
Fedhas
Gozag
Hepliaklqana
Kikubaaqudgha
Makhleb
Nemelex Xobeh
Ru
Sif Muna
Trog
Uskayaw
Vehumet
Wu Jian
Yredelemnul
Zin
The Shining One

Shops:
D:6 =

Annotations:
D:6 Dowan, Duvessa


Innate Abilities, Weirdness & Mutations

You are too large for most types of armour.
You have claws for hands.
Your natural rate of healing is unusually fast.
You are covered in fur. (AC +1)
You have extremely tough skin. (AC +3)


Message History

Unknown command.
Okay, then.
As you read the scroll of teleportation, it crumbles to dust.
You feel strangely unstable. The manticore misses you.
The manticore barely misses you.
The manticore claws you but does no damage.
Unknown command.
You scratch the manticore but do no damage.
The manticore is moderately wounded.
The manticore closely misses you. The manticore claws you.
The manticore claws you but does no damage.
The worker ant zombie bites you.
You scratch the manticore but do no damage.
The manticore is moderately wounded.
The manticore bites you!!
* * * LOW HITPOINT WARNING * * *
The manticore claws you.
* * * LOW HITPOINT WARNING * * *
The manticore claws you!
You die...

#.#............#.#############.##
#.#.#........^...................
#.#.#...#####.##.###########.....
#.#.#...# #.##.# #..... #.#.#...#
#.##.# #..... #.#.#...# #.##.#
###### #'#+##### #.##.# .....#
#.##.# .....# #.##@# .....#
#.#ZH.....# .....# #.#.........
.....###### #.#.......#.
..........# #.#.......#
.....####.# #.#.......# .....#
#.# #.#.......# .....# #.#
#.#.......# .....# #.# #.#


You could see a manticore and a worker ant zombie.

Vanquished Creatures
  Sigmund (D:2)
  3 sky beasts
  An ice beast (D:6)
  An orc warrior (D:7)
  5 ogres
  3 centaurs
  4 bullfrogs
  4 scorpions
  6 killer bees
  3 hounds
  A jelly (D:8)
  3 orc priests
  5 orc wizards
  Natasha (thrice) (D:4)
  2 bullfrog skeletons
  An iguana (D:7)
  5 worker ants
  2 worker ant zombies
  10 adders
  A gnoll (D:6)
  A shadow imp (D:6)
  2 white imps
  An ufetubus (D:6)
  2 oozes (D:1)
  3 adder skeletons
  4 worms
  A dart slug (D:5)
  6 leopard geckos
  24 orcs
  9 bats
  4 giant cockroaches
  11 goblins
  9 hobgoblins
  8 jackals
  7 kobolds
  2 quokkas
  3 frilled lizards
  2 leopard gecko skeletons (D:4)
  2 quokka skeletons
  A quokka zombie (D:7)
  15 rats
181 creatures vanquished.

Vanquished Creatures (others)
  A plant (D:5)
1 creature vanquished.

Grand Total: 182 creatures vanquished

Notes
Turn   | Place    | Note
-------+----------+-------------------------------------------
     0 | D:1      | marklar909 the Troll Warper began the quest for the Orb.
     0 | D:1      | Reached XP level 1. HP: 19/19 MP: 1/1
    86 | D:1      | Reached XP level 2. HP: 26/27 MP: 2/2
   285 | D:1      | Reached skill level 1 in Throwing
   362 | D:1      | Reached XP level 3. HP: 35/35 MP: 4/4
   590 | D:2      | Noticed Sigmund
   725 | D:1      | Learned a level 2 spell: Blink
   743 | D:2      | Found a basalt altar of Yredelemnul.
   951 | D:2      | Killed Sigmund
   952 | D:2      | Reached skill level 3 in Unarmed Combat
   952 | D:2      | Reached XP level 4. HP: 18/44 MP: 5/5
   952 | D:2      | Reached XP level 5. HP: 21/50 MP: 6/6
  1042 | D:2      | Found an ornate altar of the Wu Jian Council.
  1083 | D:2      | Found a glowing silver altar of Zin.
  1118 | D:2      | Became a worshipper of Zin the Law-Giver
  1385 | D:3      | Reached * piety under Zin
  1407 | D:3      | Found an ancient bone altar of Kikubaaqudgha.
  2060 | D:3      | Found a hazy altar of Hepliaklqana.
  2140 | D:4      | Reached XP level 6. HP: 54/59 MP: 7/7
  2150 | D:4      | Reached ** piety under Zin
  2365 | D:4      | Reached skill level 4 in Unarmed Combat
  2521 | D:4      | Noticed Natasha
  2530 | D:4      | Killed Natasha
  2563 | D:4      | Reached XP level 7. HP: 66/66 MP: 8/8
  2658 | D:4      | Noticed Natasha
  2665 | D:4      | Killed Natasha
  2826 | D:4      | Found a sparkling altar of Nemelex Xobeh.
  2909 | D:4      | Noticed Natasha
  2917 | D:4      | Killed Natasha
  2974 | D:4      | Reached skill level 5 in Unarmed Combat
  3108 | D:4      | Reached skill level 1 in Invocations
  3188 | D:4      | Noticed a moth of wrath
  3192 | D:4      | Found a bloodstained altar of Trog.
  3514 | D:5      | Entered Level 5 of the Dungeon
  3565 | D:5      | Found a staircase to the Ecumenical Temple.
  3581 | D:5      | Found a blossoming altar of Fedhas.
  3599 | D:5      | Reached *** piety under Zin
  3606 | D:5      | Reached XP level 8. HP: 75/75 MP: 9/9
  3722 | D:5      | Found a broken altar of Ashenzari.
  4068 | D:6      | Found Qinozxol's Jewellery Emporium.
  4075 | D:6      | Reached skill level 1 in Stealth
  4083 | D:6      | Reached **** piety under Zin
  4192 | D:6      | Reached skill level 6 in Unarmed Combat
  4405 | D:6      | Noticed Duvessa
  4406 | D:6      | Noticed Dowan
  4624 | D:6      | Reached skill level 5 in Dodging
  5004 | Temple   | Entered the Ecumenical Temple
  5123 | Temple   | Fell from the grace of Zin
  5123 | Temple   | Became a worshipper of the Shining One
  5123 | Temple   | Reached * piety under the Shining One
  5123 | Temple   | Reached ** piety under the Shining One
  5200 | D:6      | Reached XP level 9. HP: 60/84 MP: 10/10
  5208 | D:6      | Learned a level 6 spell: Statue Form
  5360 | D:7      | Reached skill level 7 in Unarmed Combat
  5798 | D:7      | Reached skill level 1 in Earth Magic
  5887 | D:7      | Reached skill level 1 in Transmutations
  6012 | D:8      | Found a white marble altar of Elyvilon.
  6257 | D:8      | Found a snail-covered altar of Cheibriados.
  6325 | D:8      | Noticed a manticore
  6334 | D:8      | HP: 4/84 [manticore (25)]
  6334 | D:8      | HP: 1/84 [manticore (3)]
  6334 | D:8      | Mangled by a manticore

Illustrated notes

Levels and vault maps discovered:
D:1:      dpeg_arrival_houses_and_road, layout_rooms
D:2:      layout_rooms, zin_academy, lemuel_round_altar, general_overflow_altar,
          minmay_misc_feat_rugged, uniq_sigmund
D:3:      layout_basic, kiku_gazebo_pond_becter, overflow_temple_1_default
D:4:      minmay_wonky_spiral, layout_loops_ring, tgw_trog,
          lemuel_coloured_pillars_altar, uniq_natasha
D:5:      layout_gridville, fedhas_altar_3, minmay_temple_entry_offerings,
          basic_altar
D:6:      minmay_razor_zed, layout_loops_ring, nicolae_overflow_hidden_temple,
          serial_shops, shop, uniq_duvessa
D:7:      layout_gridville
D:8:      layout_basic, lemuel_doored_altar, cheibrodos_worm_habitat,
          kennysheep_potato
Temple:   nicolae_temple_figure_zero

Skill      XL: |  1  2  3  4  5  6  7  8  9 |
---------------+----------------------------+-----
Dodging        | 2 3 4 5 |  5.8
Throwing       | 1 |  1.3
Fighting       | 2 3 4 |  4.2
Unarmed Combat | 3 4 5 6 7 |  7.5
Translocations | 3 4 |  4.1
Invocations    | 1 2 |  2.8
Stealth        | 1 |  1.7
Earth Magic    | 1 |  1.3
Transmutations | 1 |  1.0
Spellcasting   | |  1.5

Action                   |  1- 3 |  4- 6 |  7- 9 || total
-------------------------+-------+-------+-------++-------
Melee: Unarmed           |   114 |   122 |   320 ||   556
       Punch             |     2 |     5 |     8 ||    15
Throw: Boomerang         |     5 |       |     5 ||    10
 Cast: Blink             |     2 |       |       ||     2
Invok: Recite            |       |     2 |     5 ||     7
       Vitalisation      |       |       |     2 ||     2
  Use: Scroll            |       |       |    13 ||    13
 Stab: Sleeping          |     1 |     1 |     5 ||     7
       Invisible         |       |       |     1 ||     1
Armor: Robe              |    67 |    42 |   117 ||   226
Dodge: Dodged            |    86 |    60 |   196 ||   342

Table legend: (Time is in decaauts)
 A = Elapsed time spent in this place.
 B = Non-inter-level travel time spent in this place.
 C = Inter-level travel time spent in this place.
 D = Time resting spent in this place.
 E = Time spent auto-exploring this place.
 F = Levels seen in this place.
 G = Mean time per level.
                   A        B        C        D        E       F      G
               +--------+--------+--------+--------+--------+-----+--------+
         Total |   6321 |   5927 |    394 |    372 |   4261 |   9 |  702.3 |
       Dungeon |   6176 |   5809 |    367 |    372 |   4154 |   8 |  772.0 |
        Temple |    144 |    117 |     27 |      0 |    107 |   1 |  144.0 |
               +--------+--------+--------+--------+--------+-----+--------+

Top non-repeatable levels by time:
     D:4: 1391 daAuts
     D:6: 1013 daAuts
     D:3: 769 daAuts
     D:2: 699 daAuts
     D:7: 667 daAuts
     D:1: 658 daAuts
     D:5: 546 daAuts
     D:8: 431 daAuts
  Temple: 144 daAuts
